TOP OF THE 1ST |
Hagerstown Suns batting - Pitching for Peoria Chiefs : RHP Jose Rico
|
Pitching: RHP Jose Rico
|
|
Batting: RHB Bobby Bricker
|
0-0: Foul Ball, location: 2F 0-1: SINGLE (Groundball, 6M, EV 83.1 MPH) (infield hit)
|
Batting: LHB Adam Lancaster
|
0-0: Called Strike Bobby Bricker is caught stealing 2nd base 2-6 0-1: Called Strike 0-2: Strikes out swinging
|
Batting: LHB Chris Williams
|
0-0: Foul Ball, location: 2F 0-1: Swinging Strike 0-2: Ball 1-2: Fly out, F7 (Flyball, 7LS, EV 78.1 MPH)
|
Top of the 1st over - 0 runs, 1 hit, 0 errors, 0 left on base; Hagerstown 0 - Peoria 0 |
BOTTOM OF THE 1ST |
Peoria Chiefs batting - Pitching for Hagerstown Suns : RHP Matt Seivert
|
Pitching: RHP Matt Seivert
|
|
Batting: RHB Fekadu Alhaadi
|
0-0: Ball 1-0: Called Strike 1-1: Ball 2-1: Ball 3-1: Ground out 5-3 (Groundball, 56S, EV 69.4 MPH)
|
Batting: RHB Ricky Yerzy
|
0-0: Swinging Strike 0-1: Swinging Strike 0-2: Strikes out looking
|
Batting: RHB Joe Alley
|
0-0: Ball 1-0: Ball 2-0: Ball 3-0: Base on Balls
|
Batting: SHB Devin Hottenstein
|
0-0: Ball 1-0: Ball 2-0: Ball 3-0: Base on Balls Joe Alley to second
|
Batting: RHB Tim Jobe
|
0-0: Ball 1-0: Foul Ball, location: 2F 1-1: Ball 2-1: Foul Ball, location: 2F 2-2: Ball 3-2: SINGLE (Flyball, 89S, EV 86.9 MPH) Joe Alley to third Devin Hottenstein to second Joe Alley scores Devin Hottenstein to third
|
Batting: RHB Jonathan Davis
|
0-0: Foul Ball, location: 2F 0-1: Ball 1-1: Called Strike 1-2: Foul Ball, location: 2F 1-2: Fielders Choice at 2nd, 5-4 (Groundball, 5L, EV 93.1 MPH)
|
Bottom of the 1st over - 1 run, 1 hit, 0 errors, 2 left on base; Hagerstown 0 - Peoria 1 |
TOP OF THE 2ND |
Hagerstown Suns batting - Pitching for Peoria Chiefs : RHP Jose Rico
|
Batting: RHB Deshawn Boseman
|
0-0: Ball 1-0: Ball 2-0: Foul Ball, location: 2F 2-1: Ball 3-1: Called Strike 3-2: Base on Balls
|
Batting: LHB Chance McWilliams
|
0-0: Called Strike 0-1: Ball 1-1: Fly out, F9 (Flyball, 9S, EV 96.2 MPH)
|
Batting: RHB Jim Towle
|
0-0: Called Strike 0-1: Ball 1-1: Ball 2-1: Foul Ball, location: 2F 2-2: Strikes out swinging
|
Batting: RHB Joe Young
|
0-0: Swinging Strike 0-1: Foul Ball, location: 2F 0-2: Strikes out looking
|
Top of the 2nd over - 0 runs, 0 hits, 0 errors, 1 left on base; Hagerstown 0 - Peoria 1 |
BOTTOM OF THE 2ND |
Peoria Chiefs batting - Pitching for Hagerstown Suns : RHP Matt Seivert
|
Batting: RHB Pat Scaturro
|
0-0: Ball 1-0: Foul Ball, location: 2F 1-1: Ball 2-1: Fly out, F9 (Line Drive, 89M, EV 92.5 MPH)
|
Batting: RHB Chris Norris
|
0-0: Ball 1-0: Swinging Strike 1-1: Foul Ball, location: 2F 1-2: SINGLE (Groundball, 6MD, EV 98.1 MPH)
|
Batting: RHB Tim Cleary
|
0-0: Called Strike 0-1: Called Strike Chris Norris steals 2nd base 0-2: Ground out 5-3 (Groundball, 56S, EV 85.6 MPH)
|
Batting: RHB Fekadu Alhaadi
|
0-0: Called Strike 0-1: Swinging Strike 0-2: Strikes out looking
|
Bottom of the 2nd over - 0 runs, 1 hit, 0 errors, 1 left on base; Hagerstown 0 - Peoria 1 |
TOP OF THE 3RD |
Hagerstown Suns batting - Pitching for Peoria Chiefs : RHP Jose Rico
|
Batting: SHB Alex Medina
|
0-0: Ball 1-0: Ground out 3-1 (Groundball, 34, EV 83.1 MPH)
|
Batting: LHB Bobby Adams
|
0-0: Ball 1-0: Foul Ball, location: 2F 1-1: Fly out, F7 (Line Drive, 7, EV 86.9 MPH)
|
Batting: RHB Bobby Bricker
|
0-0: SINGLE (Flyball, 89S, EV 86.9 MPH)
|
Batting: LHB Adam Lancaster
|
0-0: Ball 1-0: Ball 2-0: Called Strike 2-1: SINGLE (Flyball, 8RS, EV 93.1 MPH) Bobby Bricker to second Runner from 2nd tries for 3rd, SAFE, throw by CF made to third
|
Batting: LHB Chris Williams
|
0-0: Swinging Strike 0-1: Ball 1-1: Foul Ball, location: 2F 1-2: Foul Ball, location: 2F 1-2: Ball 2-2: Ball Wild Pitch! Bobby Bricker scores Adam Lancaster to second 3-2: Foul Ball, location: 2F 3-2: Fly out, F9 (Flyball, 9, EV 92.5 MPH)
|
Top of the 3rd over - 1 run, 2 hits, 0 errors, 1 left on base; Hagerstown 1 - Peoria 1 |
BOTTOM OF THE 3RD |
Peoria Chiefs batting - Pitching for Hagerstown Suns : RHP Matt Seivert
|
Batting: RHB Ricky Yerzy
|
0-0: Ground out 6-3 (Groundball, 6M, EV 89.4 MPH)
|
Batting: RHB Joe Alley
|
0-0: Called Strike 0-1: Hit by Pitch
|
Batting: SHB Devin Hottenstein
|
0-0: Called Strike 0-1: Ball 1-1: Foul Ball, location: 2F 1-2: Ball 2-2: Ball 3-2: Foul Ball, location: 2F 3-2: Fly out, F8 (Flyball, 8LD, EV 103.1 MPH)
|
Batting: RHB Tim Jobe
|
0-0: Called Strike 0-1: Called Strike 0-2: Strikes out swinging
|
Bottom of the 3rd over - 0 runs, 0 hits, 0 errors, 1 left on base; Hagerstown 1 - Peoria 1 |
TOP OF THE 4TH |
Hagerstown Suns batting - Pitching for Peoria Chiefs : RHP Jose Rico
|
Batting: RHB Deshawn Boseman
|
0-0: Ground out U3 (Groundball, 34, EV 76.9 MPH)
|
Batting: LHB Chance McWilliams
|
0-0: Ball 1-0: Ball 2-0: Ground out U3 (Groundball, 34, EV 86.9 MPH)
|
Batting: RHB Jim Towle
|
0-0: Foul Ball, location: 2F 0-1: Swinging Strike 0-2: Ball 1-2: Foul Ball, location: 2F 1-2: Strikes out swinging
|
Top of the 4th over - 0 runs, 0 hits, 0 errors, 0 left on base; Hagerstown 1 - Peoria 1 |
BOTTOM OF THE 4TH |
Peoria Chiefs batting - Pitching for Hagerstown Suns : RHP Matt Seivert
|
Batting: RHB Jonathan Davis
|
0-0: Ball 1-0: SINGLE (Line Drive, 34, EV 95.6 MPH)
|
Batting: RHB Pat Scaturro
|
0-0: Ground out 6-3 (Groundball, P, EV 79.4 MPH) Jonathan Davis to second
|
Batting: RHB Chris Norris
|
0-0: Ground out 5-3 (Groundball, 5, EV 88.1 MPH)
|
Batting: RHB Tim Cleary
|
0-0: Called Strike 0-1: DOUBLE (Groundball, 5L, EV 106.2 MPH) Jonathan Davis scores
|
Batting: RHB Fekadu Alhaadi
|
0-0: Ball 1-0: Foul Ball, location: 2F 1-1: Swinging Strike 1-2: Strikes out swinging
|
Bottom of the 4th over - 1 run, 2 hits, 0 errors, 1 left on base; Hagerstown 1 - Peoria 2 |
TOP OF THE 5TH |
Hagerstown Suns batting - Pitching for Peoria Chiefs : RHP Jose Rico
|
Batting: RHB Joe Young
|
0-0: SINGLE (Line Drive, 34D, EV 98.1 MPH)
|
Batting: SHB Alex Medina
|
0-0: Ball 1-0: Foul Ball, location: 2F 1-1: Ball 2-1: Foul Ball, location: 2F 2-2: Ground out 4-3 (Groundball, 34, EV 108.8 MPH) Joe Young to second
|
Batting: LHB Bobby Adams
|
0-0: Swinging Strike 0-1: Ground out 1-3 (Groundball, 13S, EV 67.5 MPH) Joe Young to third
|
Batting: RHB Bobby Bricker
|
0-0: Ball 1-0: Ground out U3 (Groundball, 34S, EV 64.4 MPH)
|
Top of the 5th over - 0 runs, 1 hit, 0 errors, 1 left on base; Hagerstown 1 - Peoria 2 |
BOTTOM OF THE 5TH |
Peoria Chiefs batting - Pitching for Hagerstown Suns : RHP Matt Seivert
|
Batting: RHB Ricky Yerzy
|
0-0: Ball 1-0: Fly out, F9 (Flyball, 9S, EV 94.4 MPH)
|
Batting: RHB Joe Alley
|
0-0: Swinging Strike 0-1: Foul Ball, location: 2F 0-2: Strikes out swinging
|
Batting: SHB Devin Hottenstein
|
0-0: Ball 1-0: Foul Ball, location: 2F 1-1: Called Strike 1-2: Fly out, F8 (Flyball, 8LD, EV 98.1 MPH)
|
Bottom of the 5th over - 0 runs, 0 hits, 0 errors, 0 left on base; Hagerstown 1 - Peoria 2 |
TOP OF THE 6TH |
Hagerstown Suns batting - Pitching for Peoria Chiefs : RHP Jose Rico
|
Batting: LHB Adam Lancaster
|
0-0: Called Strike 0-1: Foul Ball, location: 2F 0-2: Ball 1-2: Ground out 4-3 (Groundball, 4, EV 83.8 MPH)
|
Batting: LHB Chris Williams
|
0-0: Ball 1-0: Called Strike 1-1: Ball 2-1: Ball 3-1: Swinging Strike 3-2: Ground out 6-3 (Groundball, 6, EV 80.0 MPH)
|
Batting: RHB Deshawn Boseman
|
0-0: Ball 1-0: Foul Ball, location: 2F 1-1: Swinging Strike 1-2: Ball 2-2: Fly out, F4 (Popup, 13S, EV 75.0 MPH)
|
Top of the 6th over - 0 runs, 0 hits, 0 errors, 0 left on base; Hagerstown 1 - Peoria 2 |
BOTTOM OF THE 6TH |
Peoria Chiefs batting - Pitching for Hagerstown Suns : RHP Matt Seivert
|
Batting: RHB Tim Jobe
|
0-0: SINGLE (Groundball, 6D, EV 98.8 MPH)
|
Batting: RHB Jonathan Davis
|
Pickoff Throw to First - Out! 1-3 0-0: Ball 1-0: Ball 2-0: Foul Ball, location: 2F 2-1: Ground out 4-3 (Groundball, 4MS, EV 80.0 MPH)
|
Batting: RHB Pat Scaturro
|
0-0: Ball 1-0: Ball 2-0: Foul Ball, location: 2F 2-1: Fly out, F8 (Flyball, 8RD, EV 91.9 MPH)
|
Bottom of the 6th over - 0 runs, 1 hit, 0 errors, 0 left on base; Hagerstown 1 - Peoria 2 |
TOP OF THE 7TH |
Hagerstown Suns batting - Pitching for Peoria Chiefs : RHP Jose Rico
|
Batting: LHB Chance McWilliams
|
0-0: Ball 1-0: Called Strike 1-1: Fly out, F6 (Line Drive, 4M, EV 73.1 MPH)
|
Batting: RHB Jim Towle
|
0-0: Ball 1-0: Foul Ball, location: 2F 1-1: Foul Ball, location: 2F 1-2: Ball 2-2: Foul Ball, location: 2F 2-2: Ball 3-2: Fly out, F8 (Line Drive, 8RD, EV 103.8 MPH)
|
Batting: RHB Joe Young
|
0-0: Ball 1-0: Foul Ball, location: 2F 1-1: Foul Ball, location: 2F 1-2: Ground out 6-3 (Groundball, 6M, EV 88.8 MPH)
|
Top of the 7th over - 0 runs, 0 hits, 0 errors, 0 left on base; Hagerstown 1 - Peoria 2 |
BOTTOM OF THE 7TH |
Peoria Chiefs batting - Pitching for Hagerstown Suns : RHP Matt Seivert
|
Batting: RHB Chris Norris
|
0-0: Ball 1-0: Ball 2-0: Ball 3-0: Called Strike 3-1: Base on Balls
|
Batting: RHB Tim Cleary
|
0-0: Bunt missed! 0-1: Sac Bunt to 3S - play at first, batter OUT! 3-4 Chris Norris to second
|
Batting: RHB Fekadu Alhaadi
|
0-0: Ground out 5-3 (Groundball, 56S, EV 68.8 MPH) Chris Norris to third
|
Pitching: RHP Luis Astudillo
|
|
Batting: RHB Ricky Yerzy
|
0-0: Called Strike 0-1: Foul Ball, location: 2F 0-2: Foul Ball, location: 2F 0-2: Ball 1-2: Strikes out swinging
|
Bottom of the 7th over - 0 runs, 0 hits, 0 errors, 1 left on base; Hagerstown 1 - Peoria 2 |
TOP OF THE 8TH |
Hagerstown Suns batting - Pitching for Peoria Chiefs : RHP Jose Rico
|
Batting: SHB Alex Medina
|
0-0: Foul Ball, location: 2F 0-1: Foul Ball, location: 2F 0-2: Strikes out swinging
|
Batting: LHB Bobby Adams
|
0-0: Ball 1-0: Swinging Strike 1-1: Swinging Strike 1-2: Strikes out looking
|
Batting: RHB Bobby Bricker
|
0-0: Ball 1-0: Ground out 6-3 (Groundball, 56S, EV 88.1 MPH)
|
Top of the 8th over - 0 runs, 0 hits, 0 errors, 0 left on base; Hagerstown 1 - Peoria 2 |
BOTTOM OF THE 8TH |
Peoria Chiefs batting - Pitching for Hagerstown Suns : RHP Luis Astudillo
|
Batting: RHB Joe Alley
|
0-0: Called Strike 0-1: Ball 1-1: Called Strike 1-2: Strikes out swinging
|
Batting: SHB Devin Hottenstein
|
0-0: Swinging Strike 0-1: Called Strike 0-2: Strikes out swinging
|
Batting: RHB Tim Jobe
|
0-0: Ball 1-0: Called Strike 1-1: Foul Ball, location: 2F 1-2: Foul Ball, location: 2F 1-2: Ball 2-2: SINGLE (Line Drive, 7LS, EV 98.8 MPH)
|
Batting: RHB Jonathan Davis
|
0-0: Called Strike 0-1: Ball 1-1: Foul Ball, location: 2F 1-2: Ball 2-2: Foul Ball, location: 2F 2-2: Foul Ball, location: 2F 2-2: Fly out, F7 (Flyball, 7LMF, EV 90.6 MPH)
|
Bottom of the 8th over - 0 runs, 1 hit, 0 errors, 1 left on base; Hagerstown 1 - Peoria 2 |
TOP OF THE 9TH |
Hagerstown Suns batting - Pitching for Peoria Chiefs : RHP Jose Rico
|
Pitching: RHP Pabiyan Vetlitsky
|
|
Now at 1B: Jorge Zarazua
|
|
Batting: LHB Adam Lancaster
|
0-0: Called Strike 0-1: Foul Ball, location: 2F 0-2: Ball 1-2: Strikes out swinging, 2-3 out at first.
|
Batting: LHB Chris Williams
|
0-0: Ball 1-0: Swinging Strike 1-1: Ball 2-1: Ball 3-1: Swinging Strike 3-2: Base on Balls
|
Batting: RHB Deshawn Boseman
|
0-0: Called Strike 0-1: Foul Ball, location: 2F 0-2: Strikes out swinging
|
Batting: LHB Chance McWilliams
|
0-0: Ball 1-0: Ball 2-0: Ball 3-0: Base on Balls Chris Williams to second
|
Batting: RHB Jim Towle
|
0-0: Called Strike 0-1: Called Strike 0-2: Strikes out looking
|
Top of the 9th over - 0 runs, 0 hits, 0 errors, 2 left on base; Hagerstown 1 - Peoria 2 |
|